AoeStats
← Azedo94

Black Forest

510096436Analyzed
2v2 RM · 3d ago on Sep 29, 2026· 42m 29s· 4 players
Game mode
Random Map
Map size
Medium (4 player)
Population
200
Speed
Normal
Resources
Standard
Victory
Conquest
Starting age
Dark Age
Ending age
Imperial Age
RankedLock teamsTeams togetherTeam positionsShared explorationLock speedFull tech treeHidden civsTurbo modeCheats
Victory
Defeat
🇩🇪 Burgundians · Germany
1233
+14
🇧🇪 Koreans · Belgium
1096
+19
🇨🇳 Japanese · China
1187
-17
🇮🇳 Vikings · India
1157
-16
Kimster213
1:13 Loom
16:47 Feudal Age
18:39 Town Watch
22:33 Castle Age
21:51 Horse Collar
21:58 Double-Bit Axe
24:04 Bow Saw
23:55 Heavy Plow
23:55 Gold Mining
34:10 Fortified Wall
34:06 Stone Mining
36:31 Town Patrol
39:05 Imperial Age
36:21 Pikeman
37:01 Squires
36:47 Arson
38:49 Scale Mail Armor
39:00 Forging
39:39 Masonry
39:25 Murder Holes
41:24 Chain Mail Armor
烧猪蹄
0:27 Loom
10:11 Feudal Age
11:10 Horse Collar
11:19 Double-Bit Axe
14:10 Horse Collar
18:52 Castle Age
17:12 Stone Mining
18:16 Gold Mining
21:27 Wheelbarrow
23:03 Bow Saw
28:03 Fletching
28:40 Heavy Plow
33:18 Imperial Age
31:02 Padded Archer Armor
31:01 Bodkin Arrow
31:08 Man-at-Arms
31:34 Gambesons
31:50 Squires
31:37 Arson
32:35 Forging
32:26 Scale Mail Armor
33:29 Hand Cart
33:09 Long Swordsman
33:51 Two-Handed Swordsman
34:36 Bracer
34:01 Pikeman
35:54 Conscription
36:24 Halberdier
36:52 Capped Ram
39:10 Iron Casting
38:50 Chain Mail Armor
39:01 Bloodlines
38:11 Light Cavalry
Goatzilla
1:05 Loom
11:34 Feudal Age
17:28 Castle Age
16:01 Double-Bit Axe
16:27 Horse Collar
19:57 Heavy Plow
20:26 Bow Saw
27:53 Wheelbarrow
27:04 Town Watch
27:50 Fletching
31:45 Imperial Age
29:45 Bodkin Arrow
30:02 Scale Barding Armor
30:12 Husbandry
30:28 Forging
31:00 Hand Cart
31:49 Eupseong
32:06 Gold Mining
32:10 Stone Mining
32:54 Ballistics
32:53 Bracer
33:23 Chain Barding Armor
33:34 Conscription
32:49 Cavalier
35:04 Chemistry
35:35 Two-Man Saw
35:33 Iron Casting
36:20 Masonry
36:59 Siege Engineers
39:06 Scale Mail Armor
Azedo94
0:38 Loom
11:48 Feudal Age
16:12 Castle Age
14:24 Double-Bit Axe
14:21 Horse Collar
19:24 Gold Mining
21:43 Wheelbarrow
29:16 Imperial Age
27:45 Scale Barding Armor
28:27 Burgundian Vineyards
29:12 Chain Barding Armor
29:09 Bow Saw
29:02 Heavy Plow
29:40 Husbandry
31:43 Plate Barding Armor
31:19 Forging
31:44 Town Watch
32:14 Hand Cart
32:29 Ballistics
34:30 Chemistry
34:08 Iron Casting
33:42 Elite Coustillier
34:23 Fletching
35:47 Two-Man Saw
35:21 Crop Rotation
35:18 Bodkin Arrow
35:49 Town Patrol
36:38 Bracer
37:39 Blast Furnace
38:31 Blast Furnace
42:12 Padded Archer Armor
42:39 Flemish Revolution
Connection lost

Rejoining the realm…

Still unreachable

The connection could not be restored.

Session expired

The server has moved on; the page needs a fresh start.